 Dungeon Crawl Stone Soup version 0.30-a0-629-gd54f4be (webtiles) character file.

Game seed: 8075734546882574836

173 malesh the Shooter (level 5, -1/42 HPs)
             Began as a Formicid Hunter on Jan 12, 2023.
             Slain by an iguana (13 damage)
             ... on level 4 of the Dungeon.
             The game lasted 00:07:42 (2209 turns).

malesh the Shooter (Formicid Hunter)                Turns: 2209, Time: 00:07:43

Health: -1/42      AC:  3    Str: 16    XL:     5   Next: 83%
Magic:  5/5        EV: 13    Int:  8    God:
Gold:   113        SH:  5    Dex: 19    Spells: 0/4 levels left

rFire   . . .      SeeInvis +    a - +0 shortbow
rCold   . . .      Faith    .    (no shield)
rNeg    . . .      Spirit   .    c - +0 leather armour
rPois   .          Reflect  +    (helmet unavailable)
rElec   .          Harm     .    (no cloak)
rCorr   .          Rampage  .    (no gloves)
Will    .....                    (no boots)
Stlth   ++                       q - amulet of reflection
HPRegen 0.27/turn                (no ring)
MPRegen 0.09/turn                (no ring)

@: no status effects
A: permanent stasis, dig shafts and tunnels, antennae 3, four strong arms
a: Dig, Shaft Self


You were on level 4 of the Dungeon.
You visited 1 branch of the dungeon, and saw 4 of its levels.

You collected 113 gold pieces.

Inventory:

Hand Weapons
 a - a +0 shortbow (weapon)
Armour
 c - a +0 leather armour (worn)
Jewellery
 q - an amulet of reflection (around neck)
Scrolls
 b - a scroll of immolation
 e - a scroll of magic mapping {unknown}
 h - 3 scrolls of teleportation {unknown}
 i - a scroll of enchant armour {unknown}
 j - a scroll of vulnerability {unknown}
 m - a scroll of poison {unknown}
 p - a scroll of silence {unknown}
 r - a scroll of summoning {unknown}
Potions
 d - 3 potions of attraction {unknown}
 f - a potion of cancellation {unknown}
 g - a potion of curing {unknown}
 k - a potion of lignification {unknown}
 l - a potion of might {unknown}
 n - a potion of degeneration {unknown}
 o - a potion of heal wounds {unknown}


   Skills:
 * Level 3.7 Fighting
 * Level 4.9 Ranged Weapons
 - Level 1.2 Armour
 + Level 2.7 Dodging
 + Level 2.6 Stealth


You couldn't memorise any spells.
You knew the following spells:

 Your Spells              Type           Power      Damage    Failure   Level
a - Slow                  Hex            0%         N/A       47%         1
b - Confusing Touch       Hex            0%         N/A       85%         3

Your spell library contained the following spells:

 Spells                   Type           Power      Damage    Failure   Level
 Kiss of Death            Conj/Necr      0%         2d5       47%         1
 Magic Dart               Conj           0%         1d3       47%         1
 Call Imp                 Summ           0%         N/A       63%         2
 Scorch                   Fire           0%         2d5       63%         2
 Mephitic Cloud           Conj/Pois/Air  0%         N/A       85%         3
 Vampiric Draining        Necr           0%         2d6       85%         3
 Dispel Undead            Necr           0%         3d6       99%         4
 Flame Wave               Conj/Fire      0%         2d4       99%         4
 Summon Cactus Giant      Summ           0%         N/A       100%        6


Dungeon Overview and Level Annotations

Branches:
Dungeon (4/15)
 Temple: D:4-7

Altars:
Vehumet

Shops:
D:3 (


Innate Abilities, Weirdness & Mutations

You cannot be hasted, slowed, berserked, paralysed or teleported.
You can dig through walls and to a lower floor.
You have a pair of large antennae on your head. (SInv)
Your four strong arms can wield two-handed weapons with a shield.


Message History

You shoot an arrow. The arrow hits the iguana.
The iguana is moderately wounded.
The iguana barely misses you.
You shoot an arrow. The arrow hits the iguana.
The iguana is severely wounded.
The iguana closely misses you. The iguana barely misses you.
You shoot an arrow. The arrow hits the iguana!
You kill the iguana!
No target in view!
You start waiting.
Done waiting.
You climb downwards.
The iguana bites you! You block the iguana's attack.
There is a stone staircase leading up, spattered with blood here.
You shoot an arrow. The arrow hits the iguana!
The iguana is moderately wounded.
The iguana bites you!
You are too injured to fight recklessly!
You are too injured to fight recklessly!
You are too injured to fight recklessly!
Fire: a) +0 shortbow
Press: ? - help, Shift-Dir - straight line, f/p - iguana
Aim: an iguana (moderately wounded, 68% to hit)
You shoot an arrow. The arrow hits the iguana.
The iguana is severely wounded.
The iguana bites you but does no damage.
Fire: a) +0 shortbow
Press: ? - help, Shift-Dir - straight line, f/p - iguana
Aim: an iguana (severely wounded, 68% to hit)
You shoot an arrow.
The arrow hits the iguana but does no damage.
The iguana is severely wounded.
The iguana hisses menacingly.
The iguana bites you!
* * * LOW HITPOINT WARNING * * *
Fire: a) +0 shortbow
Press: ? - help, Shift-Dir - straight line, f/p - iguana
Aim: an iguana (severely wounded, 68% to hit)
You shoot an arrow. The arrow closely misses the iguana.
The iguana barely misses you. The iguana bites you!
You die...

### .... { ....#
#..#### #...@#
###.l###
##...####...
...# ##+#.....#
...##....###....
#...+....# #.
..l#...l#
$.#....# .##
#l#)...#


You could see an iguana.

Vanquished Creatures
  A jelly (D:3)
  An iguana (D:3)
  4 adders
  3 worms
  2 dart slugs
  An orc (D:4)
  8 endoplasms
  10 giant cockroaches
  6 goblins
  4 hobgoblins
  9 jackals
  2 kobolds
  A quokka (D:1)
  5 ball pythons
  5 frilled lizards
  6 rats
68 creatures vanquished.

Vanquished Creatures (others)
  5 plants (D:2)
5 creatures vanquished.

Grand Total: 73 creatures vanquished

Notes
Turn   | Place    | Note
-------+----------+-------------------------------------------
     0 | D:1      | malesh the Formicid Hunter began the quest for the Orb.
     0 | D:1      | Reached XP level 1. HP: 16/16 MP: 1/1
   123 | D:1      | Reached XP level 2. HP: 22/22 MP: 2/2
   248 | D:1      | Reached XP level 3. HP: 28/28 MP: 3/3
   498 | D:1      | Reached skill level 1 in Armour
   585 | D:2      | Found a radiant altar of Vehumet.
   609 | D:2      | Found a faded altar of an unknown god.
   769 | D:2      | Reached XP level 4. HP: 33/34 MP: 4/4
   796 | D:2      | Learned a level 3 spell: Confusing Touch
  1501 | D:3      | Reached XP level 5. HP: 39/41 MP: 5/5
  1617 | D:3      | Learned a level 1 spell: Slow
  1672 | D:3      | Found Cielib's Weapon Shop.
  1883 | D:3      | HP: 2/41 [gnoll/+0 flail (13)]
  2209 | D:4      | Slain by an iguana

Illustrated notes

Levels and vault maps discovered:
D:1:      wander_arrival_chamber, layout_loops_cross
D:2:      minmay_roachtagon, layout_rooms, basic_altar, basic_ecumenical_altar,
          serial_bayou_pond_e, minivault_4, grunt_ministairs_15,
          minmay_misc_feat_four_crosses, chequers_big_river
D:3:      layout_rooms, serial_shops, nicolae_lakefront_shop,
          grunt_ministairs_13
D:4:      layout_basic, uniq_duvessa

Skill      XL: |  1  2  3  4 |
---------------+-------------+-----
Dodging        | 2 |  2.7
Armour         | 1 |  1.2
Fighting       | 3 |  3.7
Stealth        | 2 |  2.6
Ranged Weapons | |  4.9

Action                   |  1- 3 |  4- 6 || total
-------------------------+-------+-------++-------
 Fire: Shortbow          |    93 |    87 ||   180
Armor: Leather armour    |    17 |     9 ||    26
Dodge: Dodged            |    37 |    17 ||    54
Block: Other             |       |     3 ||     3

Table legend: (Time is in decaauts)
 A = Elapsed time spent in this place.
 B = Non-inter-level travel time spent in this place.
 C = Inter-level travel time spent in this place.
 D = Time resting spent in this place.
 E = Time spent auto-exploring this place.
 F = Levels seen in this place.
 G = Mean time per level.
                   A        B        C        D        E       F      G
               +--------+--------+--------+--------+--------+-----+--------+
         Total |   2285 |   2140 |    145 |    166 |   1523 |   4 |  571.2 |
       Dungeon |   2285 |   2140 |    145 |    166 |   1523 |   4 |  571.2 |
               +--------+--------+--------+--------+--------+-----+--------+

Top non-repeatable levels by time:
     D:2: 867 daAuts
     D:3: 759 daAuts
     D:1: 603 daAuts
     D:4: 54 daAuts
